AoeStats
← Jokerball

Arena

508284577Analyzed
2v2 RM · 9d ago on Sep 21, 2026· 41m 58s· 4 players
Game mode
Random Map
Map size
Medium (4 player)
Population
200
Speed
Normal
Resources
Standard
Victory
Conquest
Starting age
Dark Age
Ending age
Imperial Age
RankedLock teamsTeams togetherTeam positionsShared explorationLock speedFull tech treeHidden civsTurbo modeCheats
Victory
Defeat
🇫🇷 Spanish · France
1466
+15
🇫🇷 Malay · France
1406
+18
🇩🇪 Celts · Germany
1481
-18
🇧🇷 Britons · Brazil
1411
-15
Forrest
9:58 Feudal Age
13:39 Castle Age
11:33 Double-Bit Axe
11:58 Horse Collar
14:44 Bow Saw
18:57 Loom
21:05 Fletching
21:15 Padded Archer Armor
21:46 Crossbowman
23:06 Gold Mining
23:42 Bodkin Arrow
25:49 Heavy Plow
26:25 Gold Shaft Mining
25:41 Stone Mining
31:08 Imperial Age
28:58 Fervor
29:45 Wheelbarrow
28:56 Town Watch
29:52 Sanctity
29:28 Treadmill Crane
29:58 Masonry
30:15 Ballistics
30:33 Leather Archer Armor
33:00 Bracer
33:31 Ring Archer Armor
33:15 Murder Holes
33:01 Arbalester
34:04 Conscription
37:19 Hoardings
38:58 Shipwright
39:55 Yeomen
40:53 Hand Cart
41:41 Chemistry
Jokerball
9:20 Feudal Age
13:02 Castle Age
11:16 Double-Bit Axe
14:37 Bow Saw
14:37 Loom
15:37 Wheelbarrow
19:24 Town Watch
36:54 Padded Archer Armor
36:44 Fletching
36:48 Horse Collar
37:00 Elite Skirmisher
39:32 Heavy Plow
41:05 Hand Cart
Beber
11:46 Feudal Age
15:30 Castle Age
13:42 Double-Bit Axe
14:36 Horse Collar
19:24 Husbandry
25:27 Scale Barding Armor
27:52 Forging
29:01 Heavy Plow
29:39 Bow Saw
30:35 Wheelbarrow
30:52 Iron Casting
33:43 Fletching
33:54 Padded Archer Armor
36:33 Imperial Age
33:51 Loom
34:02 Elite Skirmisher
34:40 Bodkin Arrow
35:52 Ballistics
37:13 Blast Furnace
36:16 Bracer
38:04 Chemistry
38:29 Thumb Ring
38:47 Leather Archer Armor
40:33 Ring Archer Armor
41:03 Gold Mining
[TETU] tachou
11:01 Feudal Age
9:38 Loom
14:36 Castle Age
12:43 Double-Bit Axe
26:26 Bow Saw
26:10 Horse Collar
30:18 Wheelbarrow
33:38 Scale Barding Armor
36:15 Imperial Age
34:19 Bloodlines
34:09 Husbandry
35:29 Chain Barding Armor
36:31 Forging
37:49 Plate Barding Armor
36:46 Cavalier
40:13 Iron Casting
40:10 Hand Cart
40:45 Gold Mining
41:47 Conscription
43:12 Blast Furnace
Connection lost

Rejoining the realm…

Still unreachable

The connection could not be restored.

Session expired

The server has moved on; the page needs a fresh start.